 Dungeon Crawl Stone Soup version 0.28.0-53-g5a82cb258f (webtiles) character file.

Game seed: 9567352057468943947

9205 Doot the Thaumaturge (level 11, -3/67 HPs)
             Began as an Octopode Hedge Wizard on June 18, 2022.
             Was an Elder of Sif Muna.
             Slain by a black mamba (7 damage)
             ... on level 1 of the Lair of Beasts.
             The game lasted 00:31:18 (16238 turns).

Doot the Thaumaturge (Octopode Hedge Wizard)       Turns: 16238, Time: 00:31:18

Health: -3/67      AC:  1    Str: 15    XL:     11   Next: 42%
Magic:  0/23       EV: 14    Int: 27    God:    Sif Muna [****..]
Gold:   557        SH:  0    Dex: 11    Spells: 5/26 levels left

rFire   . . .      SeeInvis .   b - +12 hand axe of Courage {protect, rPois Int+5}
rCold   . . .      Faith    .   (no shield)
rNeg    . . .      Spirit   .   j - +0 hat
rPois   +          Reflect  .   D - amulet of the acrobat
rElec   .          Harm     .   d - ring of flight
rCorr   .          Rampage  .   u - +6 ring of strength
Will    .....                   A - ring of wizardry
Stlth   ++++......              (no ring)
HPRegen 0.21/turn               (no ring)
MPRegen 0.18/turn               (no ring)
                                (no ring)
                                (no ring)

@: mighty, lethally poisoned (-3 -> -10), flying
A: almost no armour, amphibious, 8 rings, camouflage 1, gelatinous body 1,
(nimble swimmer 1), tentacles
a: Renounce Religion, Channel Magic, Forget Spell, Divine Exegesis


You were on level 1 of the Lair of Beasts.
You worshipped Sif Muna.
Sif Muna was greatly pleased with you.
You visited 3 branches of the dungeon, and saw 11 of its levels.
You also visited: Ossuary and Bailey.

You collected 557 gold pieces.

Inventory:

Hand Weapons
 a - a +2 vampiric dagger
 b - the +12 hand axe of Courage (weapon) {protect, rPois Int+5}
   (You took it off a hobgoblin on level 3 of the Dungeon)

   It grants its wielder temporary protection when it strikes (+7 to AC).
   Int:       It affects your intelligence (+5).
   rPois:     It protects you from poison.
 F - the +9 bardiche "Nikin" {elec, Int+4}
   (You found it in a bailey)

   It occasionally discharges a powerful burst of electricity upon striking a
   foe.
   Int:       It affects your intelligence (+4).
Armour
 j - a +0 hat (worn)
Jewellery
 d - a ring of flight (left tentacle)
 t - a ring of ice
 u - a +6 ring of strength (right tentacle)
 A - a ring of wizardry (on tentacle)
 D - an amulet of the acrobat (around mantle)
Wands
 E - a wand of charming (1)
 H - a wand of polymorph (8)
Scrolls
 c - 3 scrolls of immolation {unknown}
 f - 11 scrolls of identify {unknown}
 h - 2 scrolls of enchant armour {unknown}
 i - 2 scrolls of fear {unknown}
 o - 10 scrolls of teleportation {unknown}
 q - a scroll of holy word {unknown}
 s - 2 scrolls of summoning {unknown}
 w - 3 scrolls of blinking {unknown}
 x - 6 scrolls of vulnerability {unknown}
 y - a scroll of acquirement {unknown}
 B - 2 scrolls of enchant weapon {unknown}
 I - a scroll of fog {unknown}
Potions
 e - a potion of mutation {unknown}
 g - 5 potions of brilliance
 k - a potion of flight {unknown}
 l - a potion of invisibility {unknown}
 m - 4 potions of lignification
 n - a potion of ambrosia {unknown}
 p - 3 potions of curing {unknown}
 r - 3 potions of cancellation
 v - 2 potions of might
 z - 2 potions of heal wounds {unknown}
 C - 3 potions of haste {unknown}
Miscellaneous
 G - a lightning rod (4/4)


   Skills:
 + Level 3.2 Fighting
 + Level 1.2 Short Blades
 + Level 7.0 Axes
 + Level 3.8 Dodging
 + Level 7.6 Stealth
 + Level 8.2 Spellcasting
 + Level 6.1 Conjurations
 + Level 1.5 Hexes
 * Level 7.4 Summonings
 + Level 1.1 Translocations
 + Level 4.2 Fire Magic
 - Level 4.0 Ice Magic
 + Level 1.4 Air Magic
 + Level 2.0 Poison Magic


You had 5 spell levels left.
You knew the following spells:

 Your Spells              Type           Power      Damage    Failure   Level
a - Magic Dart            Conj           100%       1d8       1%          1
b - Blink                 Tloc           34%        N/A       1%          2
c - Call Imp              Summ           50%        N/A       1%          2
d - Ensorcelled Hibernat  Hex/Ice        50%        N/A       1%          2
e - Conjure Flame         Conj/Fire      39%        6-21      1%          3
f - Foxfire               Conj/Fire      100%       2x1d9     1%          1
g - Inner Flame           Hex/Fire       26%        N/A       1%          3
h - Mephitic Cloud        Conj/Pois/Air  28%        N/A       1%          3
i - Flame Wave            Conj/Fire      39%        2d9       2%          4

Your spell library contained the following spells:

 Spells                   Type           Power      Damage    Failure   Level
 Freeze                   Ice            100%       1d11      1%          1
 Shock                    Conj/Air       100%       1d9       1%          1
 Slow                     Hex            76%        N/A       1%          1
 Sting                    Tmut/Pois      64%        1d6       1%          1
 Poisonous Vapours        Pois/Air       40%        N/A       1%          2
 Frozen Ramparts          Ice            64%        1d8       1%          3
 Hailstorm                Conj/Ice       38%        3d9       2%          4
 Sublimation of Blood     Necr           11%        N/A       3%          2
 Wereblood                Tmut           11%        N/A       3%          2
 Swiftness                Air            19%        N/A       3%          3
 Gell's Gravitas          Tloc           17%        N/A       4%          3
 Lesser Beckoning         Tloc           17%        N/A       4%          3
 Spider Form              Tmut/Pois      16%        N/A       4%          3
 Teleport Other           Tloc           17%        N/A       4%          3
 Olgreb's Toxic Radiance  Pois           21%        N/A       9%          4
 Airstrike                Air            9%         N/A       12%         4
 Anguish                  Hex/Necr       7%         N/A       16%         4
 Irradiate                Conj/Tmut      13%        3d18      16%         5
 Animate Dead             Necr           5%         N/A       21%         4
 Petrify                  Tmut/Erth      11%        N/A       21%         4
 Blade Hands              Tmut           5%         N/A       47%         5
 Borgnjor's Vile Clutch   Necr/Erth      5%         N/A       47%         5
 Summon Hydra             Summ           25%        N/A       61%         7
 Iron Shot                Conj/Erth      13%        9d3       63%         6
 Death Channel            Necr           5%         N/A       95%         6
 Malign Gateway           Summ/Tloc      17%        N/A       95%         7
 Summon Horrible Things   Summ           25%        N/A       99%         8
 Animate Armour           Summ/Erth      Unusable   N/A       N/A         4

Dungeon Overview and Level Annotations

Branches:
Dungeon (9/15)             Temple (1/1) D:4            Lair (1/6) D:8
Ossuary (visited)          Bailey (visited)
    Orc: D:9-12

Altars:
Dithmenos
Sif Muna
Vehumet
Yredelemnul
The Shining One

Shops:
D:2 *

Annotations:
D:4 exclusion: downstairs
D:5 Duvessa
D:6 1 runed translucent door, Crazy Yiuf, Maggie
D:9 Joseph


Innate Abilities, Weirdness & Mutations

You cannot wear most types of armour.
You are amphibious.
You can wear up to eight rings at the same time.
Your skin changes colour to match your surroundings (Stealth+).
Your rubbery body absorbs attacks. (AC +1, EV +1)
((You are camouflaged when in or above water. (Stealth+)))
You have tentacles for arms and can constrict up to eight enemies at once.


Message History

Casting: Flame Wave (dangerous; 2% risk of failure)
Press: ? - help, Dir - look around, f - activate A wave of flame ripples out!
The flame wave engulfs the black mamba!
The black mamba is moderately wounded.
The flame wave engulfs the yak.
The yak is severely wounded. (Press . to intensify the flame waves.)
You feel very sick. The black mamba closely misses you. The yak gores you!
Unknown command.
A wave of flame ripples out!
The flame wave engulfs the black mamba.
The black mamba is heavily wounded.
The flame wave engulfs the yak.
The yak is almost dead.
You feel very sick. The black mamba misses you.
The black mamba completely misses you. The yak completely misses you.
Unknown command.
A wave of flame ripples out!
The flame wave engulfs the black mamba!
The black mamba is almost dead.
The flame wave engulfs the yak.
The yak is almost dead.
You finish channelling waves of flame.
You feel very sick. The black mamba bites you!!
* * * LOW HITPOINT WARNING * * *
The black mamba barely misses you. The yak completely misses you.
Unknown command.
Unknown command.
It was a potion of cancellation.
You feel magically purged.
* * * LOW HITPOINT WARNING * * *
You feel very sick. The black mamba completely misses you.
The black mamba barely misses you. The yak closely misses you.
Unknown command.
It was a potion of might.
You feel very mighty all of a sudden.
* * * LOW HITPOINT WARNING * * *
You feel sick. The black mamba bites you!
You die...

#...## .........##
##..##
..........####...#
...........##...## #
...........#.....## #
...........##.....######
............##.....##...
.......S....####.......P
..)...†@.....###......##
.......Y..............#
..Y....##.............##
#.....# #..............#
#...## #...########P..#
#.## ##..# ###.# # #>##
#.. ### ##. #.


You could see a black mamba and 2 yaks.

Vanquished Creatures
  2 cane toads (Lair:1)
  A kobold demonologist (D:8)
  3 komodo dragons
  A rime drake (Lair:1)
  Grinder (D:4)
  Prince Ribbit (D:4)
  2 wyverns
  Eustachio (D:5)
  8 yaks
  2 water moccasins (Lair:1)
  A hornet zombie (D:7)
  A sky beast (D:6)
  2 ice beasts
  4 orc warriors
  2 black bears (D:8)
  A necrophage (D:5)
  2 centaurs
  2 phantoms
  6 wolves (Lair:1)
  2 ogres (D:4)
  7 kobold brigands (Bailey)
  4 bullfrogs
  Blork the orc (D:6)
  2 scorpions (D:4)
  Dowan (D:5)
  2 water moccasin skeletons
  5 killer bees (D:8)
  16 wights
  4 howler monkeys
  A bullfrog zombie (D:5)
  4 centaur zombies
  A human zombie (Ossuary)
  3 orc priests (D:8)
  3 hounds
  A bullfrog skeleton (D:4)
  Jessica (D:2)
  5 orc wizards
  3 ogre zombies (Ossuary)
  2 hound skeletons (D:4)
  7 mummies (Ossuary)
  2 howler monkey skeletons
  9 adders
  2 shadow imps
  A white imp (D:8)
  An ufetubus (D:5)
  3 adder zombies (Ossuary)
  2 worms
  9 dart slugs
  17 orcs
  10 ball pythons
  5 endoplasms
  4 giant cockroaches
  8 goblins
  8 hobgoblins
  A jackal (D:4)
  6 quokkas
  10 bats
  3 frilled lizards
  2 goblin zombies (Ossuary)
  A hobgoblin zombie (Ossuary)
  28 kobolds
  7 kobold zombies (Ossuary)
  An orc zombie (Ossuary)
  5 quokka zombies (Ossuary)
  12 rats
  5 rat zombies (Ossuary)
280 creatures vanquished.

Vanquished Creatures (collateral kills)
  An orc warrior (D:8)
  An orc (D:4)
  A goblin (D:8)
3 creatures vanquished.

Vanquished Creatures (others)
  264 foxfires
  10 fungi
  6 plants
280 creatures vanquished.

Grand Total: 563 creatures vanquished

Notes
Turn   | Place    | Note
-------+----------+-------------------------------------------
     0 | D:1      | Doot the Octopode Hedge Wizard began the quest for the Orb.
     0 | D:1      | Reached XP level 1. HP: 11/11 MP: 4/4
   119 | D:1      | Reached XP level 2. HP: 13/17 MP: 3/6
   130 | D:1      | Learned a level 2 spell: Blink
   133 | D:1      | Learned a level 2 spell: Call Imp
   307 | D:1      | Learned a level 2 spell: Ensorcelled Hibernation
  1235 | D:1      | Found Jemuo's Jewellery Shoppe.
  1338 | D:1      | Reached XP level 3. HP: 21/21 MP: 4/8
  1518 | D:2      | Noticed Jessica
  1527 | D:2      | Killed Jessica
  1848 | D:2      | Found Hites's General Store.
  1912 | D:2      | Reached skill level 1 in Ice Magic
  1912 | D:2      | Reached XP level 4. HP: 26/27 MP: 5/9
  1916 | D:2      | Learned a level 3 spell: Conjure Flame
  2760 | D:3      | Identified the +12 hand axe of Courage {protect, rPois
                  | Int+5}
  3407 | D:3      | Reached XP level 5. HP: 32/32 MP: 5/10
  3614 | D:4      | Reached skill level 1 in Short Blades
  3632 | D:4      | Noticed an ogre
  3670 | D:4      | Killed an ogre
  3671 | D:4      | Reached skill level 4 in Spellcasting
  3671 | D:4      | Reached XP level 6. HP: 37/37 MP: 0/12
  3735 | D:4      | Found a staircase to the Ecumenical Temple.
  3743 | Temple   | Entered the Ecumenical Temple
  3772 | Temple   | Became a worshipper of Sif Muna the Loreminder
  3889 | D:4      | Found a sand-covered staircase.
  3897 | Ossuary  | Entered an ossuary
  4251 | Ossuary  | Learned a level 1 spell: Foxfire
  4435 | Ossuary  | Reached * piety under Sif Muna
  4589 | Ossuary  | Reached skill level 1 in Axes
  4589 | Ossuary  | Reached skill level 5 in Stealth
  4761 | Ossuary  | Reached skill level 1 in Fighting
  4761 | Ossuary  | Reached XP level 7. HP: 43/43 MP: 10/13
  5350 | D:4      | Learned a level 3 spell: Inner Flame
  5963 | D:4      | Reached skill level 1 in Fire Magic
  5963 | D:4      | Reached ** piety under Sif Muna
  6309 | D:3      | Reached XP level 8. HP: 47/48 MP: 14/14
  6950 | D:2      | Found a radiant altar of Vehumet.
  7829 | D:5      | Entered Level 5 of the Dungeon
  7829 | D:5      | Noticed Eustachio
  7852 | D:5      | Killed Eustachio
  8089 | D:5      | Noticed Dowan
  8089 | D:5      | Noticed Prince Ribbit
  8124 | D:4      | Killed Prince Ribbit
  8221 | D:5      | Noticed Duvessa
  8226 | D:5      | Killed Dowan
  8286 | D:5      | Noticed Grinder
  8289 | D:5      | Paralysed by Grinder for 5 turns
  8620 | D:4      | Killed Grinder
  8621 | D:4      | Reached skill level 5 in Spellcasting
  8915 | D:4      | Learned a level 3 spell: Mephitic Cloud
  9292 | D:5      | Reached XP level 9. HP: 54/54 MP: 12/16
  9625 | D:6      | Reached *** piety under Sif Muna
 10515 | D:6      | Noticed Blork the orc
 10524 | D:6      | Killed Blork the orc
 10525 | D:6      | Reached skill level 5 in Summonings
 10635 | D:6      | Found a runed translucent door.
 10636 | D:6      | Noticed Crazy Yiuf
 10721 | D:6      | Noticed Maggie
 10888 | D:7      | Reached skill level 6 in Spellcasting
 11450 | D:7      | Reached skill level 1 in Hexes
 11521 | D:7      | Reached skill level 5 in Conjurations
 11625 | D:7      | Reached skill level 5 in Axes
 12144 | D:7      | Reached XP level 10. HP: 54/61 MP: 15/20
 12525 | D:8      | Noticed a kobold demonologist
 12540 | D:8      | Killed a kobold demonologist
 12551 | D:8      | Found a glowing golden altar of the Shining One.
 12632 | D:8      | Found a flagged portal.
 12649 | Bailey   | Entered a bailey
 12676 | Bailey   | Reached **** piety under Sif Muna
 12848 | Bailey   | Reached skill level 7 in Spellcasting
 12990 | Bailey   | Identified the +9 bardiche "Nikin" {elec, Int+4}
 13013 | Bailey   | Reached skill level 1 in Poison Magic
 13022 | Bailey   | Found an iron altar of Okawaru.
 13546 | D:8      | Reached skill level 1 in Air Magic
 13950 | D:8      | Found a staircase to the Lair.
 14083 | D:9      | Noticed Joseph
 14867 | D:9      | Reached XP level 11. HP: 64/66 MP: 22/22
 15025 | Lair:1   | Entered Level 1 of the Lair of Beasts
 15616 | Lair:1   | Reached skill level 8 in Spellcasting
 15791 | Lair:1   | Learned a level 4 spell: Flame Wave
 16051 | Lair:1   | Identified the +1 helmet of the Blizzard {Str+3 Dex+4}
 16238 | Lair:1   | Slain by a black mamba

Illustrated notes

Levels and vault maps discovered:
D:1:      dpeg_arrival_ratfight, layout_basic, serial_shops,
          nicolae_shop_advertising_works [nicolae_subvault_shop_adworks]
D:2:      layout_loops_corners, basic_altar, serial_shops, nicolae_diamond_shop,
          minmay_close_crescents, uniq_jessica
D:3:      kennysheep_slugbush, layout_loops_ring
D:4:      minmay_razor_zed, layout_basic, minmay_temple_entry_hall,
          nicolae_ossuary_entry_plus, grunt_decor_junction, minivault_14
D:5:      layout_cave_pools, nicolae_uskayaw_murder_on_the_dancefloor,
          chequers_serial_rivers_large_b, uniq_eustachio, uniq_duvessa,
          uniq_grinder, uniq_prince_ribbit1
D:6:      layout_gridville, minmay_fractal_squares_diagonal_5,
          uniq_blork_the_orc, uniq_maggie, uniq_crazy_yiuf_cottage
D:7:      layout_basic, minmay_misc_feat_iff
D:8:      layout_loops_ring, lemuel_round_altar, grunt_lair_entry_orc_guard_hut,
          enter_bailey_5
D:9:      layout_basic, erik_orc_1, serial_shops, nicolae_shop_crystal,
          uniq_joseph, uniq_erolcha
Temple:   mainiacjoe_temple_cubbyholes
Lair:1:   layout_layer_cave, enter_volcano_4

Skill      XL: |  1  2  3  4  5  6  7  8  9 10 11 |
---------------+----------------------------------+-----
Stealth        | 3 4 5 6 7 |  7.6
Ice Magic      | 1 2 3 4 |  4.0
Short Blades   | 1 |  1.2
Spellcasting   | 4 5 6 7 8 |  8.2
Summonings     | 2 3 4 5 7 |  7.4
Axes           | 1 2 4 5 6 7 |  7.0
Fighting       | 1 2 3 |  3.2
Conjurations   | 2 3 5 6 |  6.1
Fire Magic     | 1 2 4 |  4.2
Dodging        | 3 |  3.8
Hexes          | 1 |  1.5
Poison Magic   | 1 2 |  2.0
Air Magic      | 1 |  1.4
Translocations | |  1.1

Action                   |  1- 3 |  4- 6 |  7- 9 | 10-12 || total
-------------------------+-------+-------+-------+-------++-------
Melee: Dagger            |    37 |    29 |     5 |       ||    71
       Tentacles         |    10 |    22 |    14 |    44 ||    90
       Constrict         |    10 |    23 |    19 |    32 ||    84
       Punch             |     1 |     1 |     1 |     1 ||     4
       Hand axe          |       |    76 |   113 |   117 ||   306
 Cast: Magic Dart        |    39 |    36 |    75 |    39 ||   189
       Ensorcelled Hiber |     1 |       |     5 |     2 ||     8
       Conjure Flame     |       |     6 |     6 |     9 ||    21
       Call Imp          |       |     1 |     1 |     1 ||     3
       Blink             |       |     1 |     1 |       ||     2
       Foxfire           |       |     6 |   112 |    45 ||   163
       Mephitic Cloud    |       |       |     6 |    17 ||    23
       Inner Flame       |       |       |     9 |     2 ||    11
       Flame Wave        |       |       |       |     4 ||     4
  Use: Potion            |       |       |       |     4 ||     4
 Stab: Sleeping          |     3 |    26 |    10 |     1 ||    40
       Confused          |       |       |     2 |    12 ||    14
       Distracted        |       |       |       |     1 ||     1
Armor: Skin              |     4 |    16 |    32 |    39 ||    91
Dodge: Dodged            |    43 |    51 |    75 |   119 ||   288
